 Dungeon Crawl Stone Soup version 0.30-a0-358-g0d69a1922f (webtiles) character file.

Game seed: 11085417257451455921

1519 bande the Chopper (level 8, -16/49 HPs)
             Began as a Gargoyle Fighter on Nov 10, 2022.
             Was an Initiate of Okawaru.
             Killed from afar by Maggie (21 damage)
             ... with a bolt of fire
             ... on level 6 of the Dungeon.
             The game lasted 00:09:33 (5845 turns).

bande the Chopper (Gargoyle Fighter)                Turns: 5845, Time: 00:09:34

Health: -16/49     AC: 18    Str: 20    XL:     8   Next: 84%
Magic:  8/8        EV:  7    Int:  9    God:    Okawaru [......]
Gold:   358        SH:  5    Dex: 11    Spells: 6/7 levels left

rFire   . . .      SeeInvis .    a - +1 war axe
rCold   . . .      Faith    .    c - +0 buckler
rNeg    + . .      Spirit   .    i - +0 chain mail
rPois   ∞          Reflect  .    (no helmet)
rElec   +          Harm     .    j - +0 cloak
rCorr   .          Rampage  .    e - +0 pair of gloves
Will    +....                    (no boots)
Stlth   ..........               (no amulet)
HPRegen 0.28/turn                g - ring of willpower
MPRegen 0.11/turn                (no ring)

@: mighty, mesmerised
A: sickness immunity, AC +5, negative energy resistance 1, electricity
resistance, torment resistance 1, petrification resistance
a: Renounce Religion


You were on level 6 of the Dungeon.
You worshipped Okawaru.
Okawaru was noncommittal.
You visited 2 branches of the dungeon, and saw 7 of its levels.

You collected 358 gold pieces.

Inventory:

Hand Weapons
 a - a +1 war axe (weapon)
 n - a +0 flail
 x - a +2 flail of protection
Missiles
 p - a throwing net (quivered)
Armour
 c - a +0 buckler (worn)
 e - a +0 pair of gloves (worn)
 i - a +0 chain mail (worn)
 j - a +0 cloak (worn)
Jewellery
 g - a ring of willpower (left hand)
Wands
 h - a wand of iceblast (9)
 v - a wand of mindburst (19)
 y - a wand of polymorph (5)
Scrolls
 k - 2 scrolls of teleportation
 q - 3 scrolls of amnesia
 u - a scroll of magic mapping
Potions
 b - 2 potions of berserk rage
 f - a potion of magic
 l - 2 potions of cancellation
 m - a potion of invisibility
 o - 3 potions of curing
 r - a potion of mutation
 s - a potion of haste {unknown}
 t - a potion of heal wounds
 w - a potion of flight


   Skills:
 + Level 5.2 Fighting
 + Level 6.4 Axes
 + Level 6.0 Armour
 - Level 0.2 Stealth
 + Level 4.4 Shields
 * Level 3.7 Translocations
 * Level 1.6 Evocations


You had 6 spell levels left.
You knew the following spells:

 Your Spells              Type           Power      Damage    Failure   Level
a - Apportation           Tloc           12%        N/A       71%         1

Your spell library contained the following spells:

 Spells                   Type           Power      Damage    Failure   Level
 Gell's Gravitas          Tloc           6%         N/A       97%         3
 Teleport Other           Tloc           6%         N/A       97%         3
 Hailstorm                Conj/Ice       0%         3d3       100%        3
 Ignite Poison            Fire/Tmut/Pois 0%         N/A       100%        3
 Anguish                  Hex/Necr       0%         N/A       100%        4
 Ice Form                 Ice/Tmut       0%         N/A       100%        4
 Sticky Flame             Conj/Fire      0%         2d3       100%        4
 Alistair's Intoxication  Tmut/Pois      0%         N/A       100%        5
 Dispersal                Tloc           3%         N/A       100%        6
 Enfeeble                 Hex            0%         N/A       100%        7
 Ignition                 Fire           0%         3d3       100%        8
 Simulacrum               Ice/Necr       Unusable   N/A       N/A         6

Dungeon Overview and Level Annotations

Branches:
Dungeon (6/15)             Temple (1/1) D:6

Altars:
Dithmenos
Elyvilon
Nemelex Xobeh
Okawaru
Qazlal
Trog
Vehumet
Wu Jian
Zin

Annotations:
D:6 Maggie


Innate Abilities, Weirdness & Mutations

You are immune to sickness and miasma.
Your stone body is resilient. (AC +5)
You are immune to poison.
You resist negative energy. (rN+)
You are resistant to electric shocks. (rElec)
You are resistant to unholy torment.
You are immune to petrification.


Message History

The bullfrog hits you but does no damage.
Maggie hits you but does no damage. The bullfrog closely misses you.
Unknown command.
You barely miss Maggie.
Maggie is moderately wounded.
You barely miss the bullfrog. The bullfrog closely misses you.
You block Maggie's attack.
The bullfrog hits you but does no damage.
Maggie hits you with a +2 halberd of flaming!
* * * LOW HITPOINT WARNING * * *
Maggie burns you.
* * * LOW HITPOINT WARNING * * *
You barely miss Maggie.
Maggie is moderately wounded.
You closely miss the bullfrog.
The bullfrog hits you but does no damage.
Maggie gestures wildly while chanting.
Maggie draws you further into her thrall.
You block the bullfrog's attack.
You slice Maggie!!
Maggie is severely wounded.
You barely miss the bullfrog. The bullfrog hits you.
* * * LOW HITPOINT WARNING * * *
Maggie hits you but does no damage. The bullfrog barely misses you.
Unknown command.
You closely miss Maggie.
Maggie is severely wounded.
You slash the bullfrog! You block the bullfrog's attack.
Maggie hits you but does no damage.
Unknown command.
You closely miss Maggie.
Maggie is severely wounded.
You slash the bullfrog!
You kill the bullfrog!
Okawaru accepts your kill.
Maggie casts a spell.
Maggie draws you further into her thrall.
Maggie casts a spell at you. The bolt of fire hits you!!
You die...

....... .....$. .......
....... ....... #######
.......###### #.....#
............######.....#
......@@.$/.'..........'
......†.....############
.......###### # .......
# ##+#### #######
+...... ######. #. ##


You could see Maggie (mesmerising).

Vanquished Creatures
  Edmund (D:6)
  A water moccasin (D:5)
  2 ice beasts
  2 ogres (D:5)
  2 kobold brigands (D:5)
  A bullfrog (D:6)
  A necrophage (D:5)
  4 scorpions
  2 hounds
  A gnoll bouda (D:6)
  An orc priest (D:5)
  An iguana (D:5)
  3 orc wizards
  9 gnolls
  5 adders
  2 white imps
  An ufetubus (D:4)
  A worm (D:4)
  2 dart slugs
  15 orcs
  11 endoplasms
  2 giant cockroaches
  7 goblins
  12 hobgoblins
  5 jackals
  18 kobolds
  4 quokkas
  11 ball pythons
  6 bats
  3 frilled lizards (D:1)
  4 rats
140 creatures vanquished.

Notes
Turn   | Place    | Note
-------+----------+-------------------------------------------
     0 | D:1      | bande the Gargoyle Fighter began the quest for the Orb.
     0 | D:1      | Reached XP level 1. HP: 14/14 MP: 1/1
   181 | D:1      | Reached XP level 2. HP: 18/19 MP: 2/2
   221 | D:1      | Learned a level 1 spell: Apportation
   463 | D:1      | Reached XP level 3. HP: 18/24 MP: 3/3
  1196 | D:2      | Noticed a shining eye
  1199 | D:2      | Found a faded altar of an unknown god.
  1201 | D:2      | Noticed an eye of devastation
  1201 | D:2      | Noticed a shining eye
  1201 | D:2      | Noticed a floating eye
  1630 | D:2      | Reached XP level 4. HP: 29/29 MP: 4/4
  1659 | D:2      | Reached skill level 1 in Translocations
  1773 | D:3      | Found a sparkling altar of Nemelex Xobeh.
  2320 | D:3      | Reached XP level 5. HP: 18/33 MP: 5/5
  2929 | D:4      | Noticed an ice beast
  2939 | D:4      | Killed an ice beast
  2940 | D:4      | Reached XP level 6. HP: 8/38 MP: 6/6
  3531 | D:5      | Entered Level 5 of the Dungeon
  3876 | D:5      | Reached XP level 7. HP: 34/44 MP: 7/7
  3967 | D:5      | Reached skill level 5 in Armour
  4358 | D:5      | Reached skill level 5 in Axes
  4614 | D:5      | Reached XP level 8. HP: 48/48 MP: 8/8
  5114 | D:5      | Reached skill level 5 in Fighting
  5150 | D:5      | Reached skill level 1 in Evocations
  5244 | D:6      | Found a staircase to the Ecumenical Temple.
  5282 | Temple   | Entered the Ecumenical Temple
  5291 | Temple   | Became a worshipper of Warmaster Okawaru
  5434 | D:6      | Noticed Edmund
  5457 | D:6      | Killed Edmund
  5827 | D:6      | Noticed Maggie
  5838 | D:6      | HP: 2/49 [Maggie/+2 halberd of flaming (4)]
  5845 | D:6      | Killed from afar by Maggie

Illustrated notes

Levels and vault maps discovered:
D:1:      evilmike_arrival_rings, layout_basic, minmay_small_reverse_x
D:2:      layout_basic, hellmonk_ecumenical_altar_watching_god
D:3:      layout_rooms, amcnicky_altar_gilded
D:4:      layout_rooms
D:5:      cheibrodos_thug_alley, layout_basic
D:6:      layout_basic, jmf_multi_god_temple2, minmay_temple_entry_purple_smoke,
          nicolae_underground_beach, uniq_edmund, uniq_maggie
Temple:   compressed_dpeg_triangle_lava_temple

Skill      XL: |  1  2  3  4  5  6  7  8 |
---------------+-------------------------+-----
Axes           | 2 3 4 5 6 |  6.4
Translocations | 1 2 3 |  3.7
Fighting       | 4 5 |  5.2
Armour         | 4 5 6 |  6.0
Shields        | 4 |  4.4
Evocations     | 1 |  1.6
Stealth        | |  0.2

Action                   |  1- 3 |  4- 6 |  7- 9 || total
-------------------------+-------+-------+-------++-------
Melee: War axe           |   103 |   178 |   227 ||   508
  Use: Scroll            |     8 |     6 |     7 ||    21
       Potion            |       |       |     2 ||     2
Armor: Scale mail        |    26 |       |       ||    26
       Chain mail        |    46 |   198 |   181 ||   425
       Skin              |       |       |     7 ||     7
Dodge: Dodged            |    60 |    68 |    93 ||   221
Block: Buckler           |    31 |    49 |    65 ||   145

Table legend: (Time is in decaauts)
 A = Elapsed time spent in this place.
 B = Non-inter-level travel time spent in this place.
 C = Inter-level travel time spent in this place.
 D = Time resting spent in this place.
 E = Time spent auto-exploring this place.
 F = Levels seen in this place.
 G = Mean time per level.
                   A        B        C        D        E       F      G
               +--------+--------+--------+--------+--------+-----+--------+
         Total |   6026 |   5920 |    106 |   1684 |   2966 |   7 |  860.9 |
       Dungeon |   6008 |   5902 |    106 |   1684 |   2966 |   6 | 1001.3 |
        Temple |     18 |     18 |      0 |      0 |      0 |   1 |   18.0 |
               +--------+--------+--------+--------+--------+-----+--------+

Top non-repeatable levels by time:
     D:5: 1741 daAuts
     D:1: 1191 daAuts
     D:4: 960 daAuts
     D:3: 898 daAuts
     D:6: 631 daAuts
     D:2: 584 daAuts
  Temple: 18 daAuts
